 Dungeon Crawl Stone Soup version 0.30-a0-422-g946f4849ff (webtiles) character file.

Game seed: 16882171851502532661

99432 rocky1 the Bludgeoner (level 16, -8/114 HPs)
             Began as a Gargoyle Fighter on Dec 8, 2022.
             Was a High Priest of Ashenzari.
             Mangled by retardedninja's ghost (33 damage)
             ... on level 2 of the Shoals on Dec 9, 2022.
             The game lasted 01:32:54 (29137 turns).

rocky1 the Bludgeoner (Gargoyle Fighter)           Turns: 29137, Time: 01:32:54

Health: -8/114     AC: 31    Str: 25    XL:     16   Next: 25%
Magic:  29/29      EV: 18    Int: 10    God:    Ashenzari [*****.]
Gold:   1384       SH: 17    Dex: 11    Spells: 23/34 levels left

rFire   . . .      SeeInvis +    r - +1 flail (holy)
rCold   + . .      Faith    .    G - +4 kite shield of Ashenzari's Comet {rElec Will++, Evo, Elem} (curse)
rNeg    + + .      Spirit   .    Q - +0 acid dragon scales of Apeoromancy {rCorr, Range, Cun} (curse)
rPois   ∞          Reflect  .    V - +0 helmet of the Fated Seeker {Cun, Self} (curse)
rElec   +          Harm     .    R - +0 cloak "Eternal Together" {rPois rC+ rN+, Range, Elem} (curse)
rCorr   +          Rampage  .    F - +2 pair of gloves "Ruined Awkwardness" {Fort, Self} (curse)
Will    ++++.      Clarity  +    K - +2 pair of boots "I Foresaw This" {Bglg, Evo} (curse)
Stlth   +.........               B - amulet "Share My Oracle" {Acrobat, Self, Elem} (curse)
HPRegen 0.39/turn                J - ring "Per Aspera Ad Scientiam" {EV+4, Alch, Evo} (curse)
MPRegen 0.21/turn                A - ring of the Cryptic Pleiades {Will+, Fort, Bglg} (curse)

@: flying
A: sickness immunity, AC +12, big wings, negative energy resistance 1,
electricity resistance, torment resistance 1, petrification resistance
a: Renounce Religion, Curse Item, Shatter the Chains


You were on level 2 of the Shoals.
You worshipped Ashenzari.
Ashenzari was extremely pleased with you.
You visited 5 branches of the dungeon, and saw 23 of its levels.
You also visited: Bailey.

You collected 2763 gold pieces.
You spent 1379 gold pieces at shops.

Inventory:

Hand Weapons
 f - a +3 flail
 r - a +1 flail of holy wrath (weapon)
 N - a +3 vampiric morningstar
Missiles
 o - 58 poisoned darts
 p - 18 javelins
 E - 2 curare-tipped darts (quivered)
 H - a throwing net
Armour
 l - a +3 chain mail of fire resistance
 w - a +0 kite shield of reflection
 F - the cursed +2 pair of gloves "Ruined Awkwardness" (worn) {Fort, Self}
   (You found it on level 12 of the Dungeon)

   It has a curse which improves the following skills: Fortitude: Armour and
   Shields.
   Introspection: Fighting and Spellcasting.
 G - the cursed +4 kite shield of Ashenzari's Comet (worn) {rElec Will++, Evo, Elem}
   (You bought it in a shop on level 5 of the Dungeon)

   rElec:     It insulates you from electricity.
   Will:      It greatly increases your willpower.
   It has a curse which improves the following skills: Evocations: Evocations.
   Elements:  Fire Magic, Ice Magic, Air Magic and Earth Magic.
 K - the cursed +2 pair of boots "I Foresaw This" (worn) {Bglg, Evo}
   (You found it on level 9 of the Dungeon)

   It has a curse which improves the following skills: Beguiling: Conjurations,
   Hexes and Translocations.
   Evocations: Evocations.
 L - a +0 hat of willpower
 Q - the cursed +0 acid dragon scales of Apeoromancy (worn) {rCorr, Range, Cun}
   (You found it on level 10 of the Dungeon)

   rCorr:     It protects you from acid and corrosion.
   It has a curse which improves the following skills: Ranged Combat: Ranged
   Weapons and Throwing.
   Cunning:   Dodging and Stealth.
 R - the cursed +0 cloak "Eternal Together" (worn) {rPois rC+ rN+, Range, Elem}
   (You bought it in a shop on level 9 of the Dungeon)

   rC:        It protects you from cold.
   rPois:     It protects you from poison.
   rN:        It protects you from negative energy.
   It has a curse which improves the following skills: Ranged Combat: Ranged
   Weapons and Throwing.
   Elements:  Fire Magic, Ice Magic, Air Magic and Earth Magic.
 V - the cursed +0 helmet of the Fated Seeker (worn) {Cun, Self}
   (You found it on level 11 of the Dungeon)

   It has a curse which improves the following skills: Cunning: Dodging and
   Stealth.
   Introspection: Fighting and Spellcasting.
 X - a +1 helmet
Jewellery
 c - a ring of protection from cold
 A - the cursed ring of the Cryptic Pleiades (right hand) {Will+, Fort, Bglg}
   (You found it on level 7 of the Dungeon)

   [ring of willpower]

   Will:      It increases your willpower.
   It has a curse which improves the following skills: Fortitude: Armour and
   Shields.
   Beguiling: Conjurations, Hexes and Translocations.
 B - the cursed amulet "Share My Oracle" (around neck) {Acrobat, Self, Elem}
   (You found it on level 7 of the Dungeon)

   [amulet of the acrobat]

   It increases your evasion while moving and waiting.
   It has a curse which improves the following skills: Introspection: Fighting
   and Spellcasting.
   Elements:  Fire Magic, Ice Magic, Air Magic and Earth Magic.
 J - the cursed ring "Per Aspera Ad Scientiam" (left hand) {EV+4, Alch, Evo}
   (You found it on level 9 of the Dungeon)

   [ring of evasion]

   EV:        It affects your evasion (+4).
   It has a curse which improves the following skills: Alchemy: Poison Magic and
   Transmutations.
   Evocations: Evocations.
Wands
 a - a wand of iceblast (12)
 u - a wand of paralysis (29)
 v - a wand of acid (13)
 W - a wand of mindburst (4)
Scrolls
 b - 4 scrolls of blinking
 g - 4 scrolls of butterflies
 i - 5 scrolls of teleportation
 k - 5 scrolls of magic mapping
 m - 2 scrolls of torment
 q - 2 scrolls of fear
 t - 3 scrolls of silence
 D - 4 scrolls of immolation
 I - a scroll of amnesia
 P - 2 scrolls of poison
 U - a scroll of summoning
Potions
 e - 2 potions of haste
 h - 10 potions of mutation
 j - a potion of heal wounds
 s - a potion of ambrosia
 x - 5 potions of lignification
 z - 8 potions of curing
 C - 5 potions of brilliance
 Y - 2 potions of cancellation
Miscellaneous
 d - a tin of tremorstones (2/2)
 M - a phial of floods


   Skills:
 - Level 13.6(18.1) Fighting
 - Level 16.0 Maces & Flails
 - Level 3.1(6.0) Throwing
 - Level 9.6(13.0) Armour
 - Level 6.6(10.1) Dodging
 - Level 13.0(16.4) Shields
 + Level 5.5(9.9) Spellcasting
 + Level 3.9(7.0) Conjurations
 - Level 2.1(4.7) Translocations
 + Level 2.8(4.8) Transmutations
 - Level 7.6(12.1) Earth Magic
 - Level 5.6(10.0) Evocations


You had 23 spell levels left.
You knew the following spells:

 Your Spells              Type           Power      Damage    Failure   Level
a - Apportation           Tloc           28%        N/A       3%          1
b - Lee's Rapid Deconstr  Erth           14%        3d9*      4%          5
c - Irradiate             Conj/Tmut      8%         3d14      54%         5

Your spell library contained the following spells:

 Spells                   Type           Power      Damage    Failure   Level
 Magic Dart               Conj           76%        1d6       1%          1
 Shock                    Conj/Air       48%        1d6       5%          1
 Static Discharge         Conj/Air       24%        2-3/arc   9%          2
 Petrify                  Tmut/Erth      21%        N/A       9%          4
 Gell's Gravitas          Tloc           14%        N/A       12%         3
 Lesser Beckoning         Tloc           28%        N/A       12%         3
 Teleport Other           Tloc           14%        N/A       12%         3
 Dazzling Flash           Conj/Hex       24%        N/A       17%         3
 Leda's Liquefaction      Hex/Erth       8%         N/A       21%         4
 Iskenderun's Mystic Bla  Conj/Tloc      16%        2d5       24%         4
 Mephitic Cloud           Conj/Pois/Air  10%        N/A       26%         3
 Poisonous Vapours        Pois/Air       10%        N/A       32%         2
 Manifold Assault         Tloc           14%        N/A       36%         4
 Call Imp                 Summ           4%         N/A       38%         2
 Iskenderun's Battlesphe  Conj           19%        2d7       38%         5
 Swiftness                Air            6%         N/A       52%         3
 Fireball                 Conj/Fire      6%         3d5       83%         5
 Airstrike                Air            3%         2d(1-17)  90%         4
 Summon Lightning Spire   Summ/Air       5%         N/A       93%         4
 Freezing Cloud           Conj/Ice/Air   5%         6-21      93%         5
 Alistair's Intoxication  Tmut/Pois      6%         N/A       95%         5
 Summon Forest            Summ/Tloc      4%         N/A       96%         5
 Dispersal                Tloc           7%         N/A       99%         6
 Summon Mana Viper        Hex/Summ       5%         N/A       100%        5
 Conjure Ball Lightning   Conj/Air       6%         3x3d6     100%        6
 Simulacrum               Ice/Necr       2%         N/A       100%        6
 Starburst                Conj/Fire      6%         6d4       100%        6
 Summon Cactus Giant      Summ           2%         N/A       100%        6
 Orb of Destruction       Conj           9%         9d6       100%        7
 Storm Form               Tmut/Air       5%         N/A       100%        7
 Disjunction              Tloc           7%         N/A       100%        8
 Polar Vortex             Ice            3%         N/A       100%        9
 Cigotuvi's Dreadful Rot  Necr/Pois/Air  Unusable   N/A       N/A         2
 Sublimation of Blood     Necr           Unusable   N/A       N/A         2
 Statue Form              Tmut/Erth      Unusable   N/A       N/A         6

Dungeon Overview and Level Annotations

Branches:
Dungeon (13/15)            Temple (1/1) D:5            Lair (5/5) D:11
 Shoals (2/4) Lair:2       Spider (0/4) Lair:3        Slime (0/5) Lair:4
    Orc (2/2) D:11            Elf (0/3) Orc:2        Vaults (0/5) D:13
 Bailey (visited)

Altars:
Ashenzari
Cheibriados
Dithmenos
Elyvilon
Fedhas
Gozag
Hepliaklqana
Kikubaaqudgha
Makhleb
Nemelex Xobeh
Okawaru
Qazlal
Ru
Sif Muna
Trog
Uskayaw
Vehumet
Wu Jian
Xom
Yredelemnul
Zin
The Shining One
Jiyva
Lugonu

Shops:
D:5 [   D:7 *   D:9 [=   Orc:2 :*([

Portals:
Abyss: Lair:5

Annotations:
D:10 exclusion: obsidian statue
Lair:4 3 runed translucent doors, DeathPants's ghost, journeyman DsEn; Ithra's ghost, journeyman OgTm; bande's ghost, journeyman GrFi
Shoals:2 retardedninja's ghost, adept HOFi


Innate Abilities, Weirdness & Mutations

You are immune to sickness and miasma.
Your stone body is resilient. (AC +12)
You are immune to poison.
Your large and strong wings let you fly.
You resist negative energy. (rN+)
You are resistant to electric shocks. (rElec)
You are resistant to unholy torment.
You are immune to petrification.


Message History

You completely miss retardedninja's ghost.
Retardedninja's ghost is heavily damaged.
You block retardedninja's ghost's attack.
You hit retardedninja's ghost but do no damage.
Retardedninja's ghost is heavily damaged.
Retardedninja's ghost hits you but does no damage.
You hit retardedninja's ghost but do no damage.
Retardedninja's ghost is heavily damaged.
You block retardedninja's ghost's attack.
You hit retardedninja's ghost but do no damage.
Retardedninja's ghost is heavily damaged.
You sock retardedninja's ghost!
Retardedninja's ghost convulses.
Retardedninja's ghost is severely damaged.
Retardedninja's ghost hits you!
* * * LOW HITPOINT WARNING * * *
You hit retardedninja's ghost but do no damage.
Retardedninja's ghost is severely damaged.
Retardedninja's ghost says, "Try not to bleed too much."
Retardedninja's ghost closely misses you.
You hit retardedninja's ghost.
Retardedninja's ghost convulses.
Retardedninja's ghost is severely damaged.
You block retardedninja's ghost's attack.
You hit retardedninja's ghost but do no damage.
Retardedninja's ghost is severely damaged.
You sock retardedninja's ghost!
Retardedninja's ghost convulses!
Retardedninja's ghost is almost destroyed.
You block retardedninja's ghost's attack.
You barely miss retardedninja's ghost.
Retardedninja's ghost is almost destroyed.
Retardedninja's ghost hits you but does no damage.
You hit retardedninja's ghost but do no damage.
Retardedninja's ghost is almost destroyed.
Retardedninja's ghost whispers, "You will understand me better in a moment."
You block retardedninja's ghost's attack.
You hit retardedninja's ghost but do no damage.
Retardedninja's ghost is almost destroyed.
You hit retardedninja's ghost but do no damage.
Retardedninja's ghost is almost destroyed.
Retardedninja's ghost hits you!!
You die...

######################## ~
~ ~~
≈≈≈≈≈≈≈≈≈≈≈≈≈≈≈≈≈≈≈≈≈≈≈≈
~~ ~ ~
≈≈≈≈≈≈≈≈≈≈≈≈≈≈≈≈≈≈≈≈≈≈≈≈ ~
~
≈≈≈≈≈≈≈≈≈≈≈≈≈≈≈≈@≈≈≈≈≈≈≈~~
~~~
≈≈≈≈≈≈≈≈≈≈≈≈≈≈≈≈W≈≈≈≈≈≈≈~~
~ ~~
≈≈≈≈≈≈≈≈≈≈≈≈≈≈≈≈≈≈≈≈≈≈≈≈ ~
~ ≈≈≈≈≈≈≈≈≈≈≈≈≈≈≈≈≈≈≈≈≈≈≈≈
~ ~~ ~~
≈≈≈≈≈≈≈≈≈≈≈≈≈≈≈≈≈≈≈≈≈≈≈≈~~
~ ,
≈≈≈≈≈≈≈≈≈≈≈≈≈≈≈≈≈≈≈≈≈≈≈≈
~~~~ ~~
≈≈≈~~~≈≈≈≈≈≈≈≈≈≈≈≈≈≈≈≈≈≈~~
~ ,~
≈~~~~~~≈≈≈≈≈≈≈≈≈≈≈≈≈≈≈≈≈
~~ ,,
~~~~~~~≈≈≈≈≈≈≈≈≈≈≈≈≈≈≈≈≈ ~
,


You could see retardedninja's ghost.

Vanquished Creatures
  Rupert (D:13)
  Donald (Orc:2)
  An orc warlord (Orc:1)
  Nessos (Orc:2)
  Josephine (Lair:5)
  Erolcha (Orc:1)
  A merfolk avatar (Shoals:2)
  2 centaur warriors (D:13)
  7 hydras
  2 dancing weapons (D:13)
  2 merfolk aquamancers
  3 boulder beetles
  9 death yaks
  5 two-headed ogres
  2 thrashing horrors (Lair:5)
  2 orc high priests
  3 sea snakes (Shoals:1)
  3 orc knights
  A large abomination (Lair:5)
  8 harpies
  A cyclops (shapeshifter) (D:13)
  An oklob plant (Lair:5)
  6 ugly things
  A faun (Shoals:2)
  5 orc sorcerers
  9 slime creatures
  2 deep elf pyromancers
  A cyclops (Shoals:1)
  8 elephants (Lair:4)
  2 merfolk sirens
  A water nymph (Shoals:2)
  5 manticores
  A black mamba (Lair:4)
  A gargoyle (D:11)
  4 torpor snails (Lair:3)
  A smoke demon (Lair:5)
  16 cane toads
  3 kobold demonologists (D:12)
  7 komodo dragons
  A rime drake (Lair:3)
  2 ancient zymes (Lair:5)
  3 trolls
  9 merfolk
  A hornet (D:8)
  A polar bear (Lair:4)
  A tarantella (shapeshifter) (D:13)
  2 dream sheep (Shoals:1)
  3 snapping turtles
  Prince Ribbit (D:7)
  17 blink frogs
  A shadow (D:11)
  A vampire (D:13)
  3 ynoxinuls (Lair:5)
  7 wraiths
  4 wyverns
  4 water elementals (Shoals:1)
  A spriggan (Lair:5)
  29 yaks
  5 basilisks
  10 vampire mosquitoes
  3 chaos spawn (Lair:5)
  3 steam dragons
  A warg (Orc:2)
  3 acid dragons
  20 water moccasins
  Duvessa (D:5)
  32 orc warriors
  2 sky beasts
  3 ice beasts
  2 black bears
  6 ogres
  18 wolves
  6 centaurs
  3 phantoms
  8 small abominations (Lair:5)
  7 kobold brigands
  8 bullfrogs
  4 gnoll sergeants
  A necrophage (D:5)
  4 scorpions
  7 wights
  Dowan (D:5)
  6 killer bees (D:8)
  A troll zombie (D:11)
  3 howler monkeys (D:12)
  2 electric eels (Lair:2)
  4 jellies
  4 hounds
  26 orc priests
  2 gnoll boudas (D:7)
  3 iguanas
  6 hell rats (Lair:5)
  21 orc wizards
  5 ogre zombies (D:11)
  34 gnolls
  5 adders
  2 worms (D:5)
  2 dart slugs
  85 orcs
  7 ball pythons
  8 endoplasms
  A giant cockroach (D:4)
  7 goblins
  9 hobgoblins
  4 jackals
  25 kobolds
  5 quokkas
  6 bats
  6 frilled lizards
  A goblin skeleton (D:11)
  2 goblin zombies (D:11)
  2 hobgoblin zombies (D:11)
  3 orc skeletons (D:11)
  11 orc zombies (D:11)
  3 rats
  A butterfly (Lair:3)
692 creatures vanquished.

Vanquished Creatures (others)
  11 fungi
  73 plants
84 creatures vanquished.

Grand Total: 776 creatures vanquished

Notes
Turn   | Place    | Note
-------+----------+-------------------------------------------
     0 | D:1      | rocky1 the Gargoyle Fighter began the quest for the Orb.
     0 | D:1      | Reached XP level 1. HP: 14/14 MP: 1/1
   115 | D:1      | Reached XP level 2. HP: 16/19 MP: 2/2
   775 | D:2      | Found a white marble altar of Elyvilon.
   819 | D:2      | Reached XP level 3. HP: 22/24 MP: 3/3
  1536 | D:2      | Reached skill level 3 in Maces & Flails
  1606 | D:3      | Reached XP level 4. HP: 29/29 MP: 4/4
  2033 | D:3      | Upgraded the game from 0.30-a0-414-gcb316572d5 to
                  | 0.30-a0-422-g946f4849ff
  2100 | D:3      | Reached XP level 5. HP: 33/33 MP: 5/5
  2388 | D:3      | Found a shimmering altar of Xom.
  2527 | D:4      | Noticed a phantom
  2564 | D:4      | Killed a phantom
  2565 | D:4      | Reached skill level 4 in Maces & Flails
  2565 | D:4      | Reached XP level 6. HP: 7/39 MP: 6/6
  2968 | D:4      | Reached skill level 5 in Fighting
  2968 | D:4      | Reached skill level 5 in Maces & Flails
  3141 | D:4      | Found a broken altar of Ashenzari.
  3152 | D:4      | Became a worshipper of Ashenzari the Shackled
  3258 | D:4      | Found a stormy altar of Qazlal.
  3259 | D:4      | Noticed a water elemental
  3261 | D:4      | Noticed an air elemental
  3261 | D:4      | Noticed a fire elemental
  3320 | D:4      | Reached skill level 5 in Shields
  3531 | D:5      | Entered Level 5 of the Dungeon
  3531 | D:5      | You fall into a shaft and drop 3 floors!
  3563 | D:8      | Reached XP level 7. HP: 25/44 MP: 7/7
  3807 | D:8      | Noticed a steam dragon
  3815 | D:8      | Killed a steam dragon
  3816 | D:8      | Reached skill level 6 in Maces & Flails
  3922 | D:8      | Found an ornate altar of the Wu Jian Council.
  3922 | D:8      | Found a radiant altar of Vehumet.
  3922 | D:8      | Found a bloodstained altar of Trog.
  4009 | D:7      | Reached XP level 8. HP: 50/51 MP: 8/8
  4133 | D:6      | Reached skill level 7 in Maces & Flails
  4499 | D:5      | Found a white marble altar of Elyvilon.
  4566 | D:5      | Noticed Duvessa
  4583 | D:5      | Noticed Dowan
  4604 | D:5      | Killed Duvessa
  4609 | D:5      | Killed Dowan
  4610 | D:5      | Reached skill level 8 in Maces & Flails
  4714 | D:5      | Reached XP level 9. HP: 53/56 MP: 9/9
  5045 | D:5      | Reached * piety under Ashenzari
  5225 | D:5      | Found a staircase to the Ecumenical Temple.
  5321 | D:5      | Found a glowing silver altar of Zin.
  5321 | D:5      | Found a burning altar of Makhleb.
  5322 | D:5      | Noticed a cacodemon
  5322 | D:5      | Noticed an angel
  5619 | D:5      | Found Teukhlick's Armour Shop.
  6163 | D:7      | Reached skill level 9 in Maces & Flails
  6289 | D:7      | Found Cowik's Island Escapes.
  6309 | D:7      | Learned a level 1 spell: Apportation
  6532 | D:7      | Found a hide-covered altar of Uskayaw.
  6674 | D:7      | Noticed Prince Ribbit
  6685 | D:7      | Killed Prince Ribbit
  7105 | D:7      | Found a sacrificial altar of Ru.
  7217 | Temple   | Entered the Ecumenical Temple
  7568 | D:8      | Reached skill level 10 in Maces & Flails
  7568 | D:8      | Reached XP level 10. HP: 64/64 MP: 10/10
  7806 | D:8      | Noticed a two-headed ogre
  7821 | D:8      | Killed a two-headed ogre
  8078 | D:5      | Bought the +4 kite shield of Absence {rElec Will++} for 630
                  | gold pieces
  8372 | D:9      | Learned a level 5 spell: Lee's Rapid Deconstruction
  8384 | D:9      | Reached skill level 11 in Maces & Flails
  8889 | D:9      | Found Cuorr's Armour Shop.
  9221 | D:9      | Found a shimmering blue altar of Sif Muna.
  9230 | D:9      | Found Wudded's Jewellery Emporium.
  9412 | D:9      | Found Nuschul's Antique Weapon Boutique.
  9441 | D:9      | Reached XP level 11. HP: 58/71 MP: 11/11
  9837 | D:10     | Entered Level 10 of the Dungeon
  9874 | D:10     | Found a flagged portal.
  9895 | Bailey   | Entered a bailey
  9923 | Bailey   | Reached skill level 12 in Maces & Flails
 10040 | Bailey   | Found a burning altar of Makhleb.
 10345 | D:10     | Reached skill level 10 in Fighting
 10345 | D:10     | Reached skill level 10 in Shields
 10450 | D:10     | Noticed an obsidian statue
 10936 | D:10     | Found a blossoming altar of Fedhas.
 11155 | D:11     | Found a staircase to the Orcish Mines.
 11328 | D:11     | Noticed a green ugly thing
 11343 | D:11     | Killed a green ugly thing
 11393 | D:11     | Found a staircase to the Lair.
 11695 | D:11     | Noticed a two-headed ogre
 11719 | D:11     | Killed a two-headed ogre
 11720 | D:11     | Reached skill level 13 in Maces & Flails
 12239 | D:11     | Noticed a boulder beetle
 12260 | D:11     | Killed a boulder beetle
 12261 | D:11     | Reached XP level 12. HP: 78/80 MP: 12/12
 12609 | D:11     | Noticed a boulder beetle
 12626 | D:11     | Killed a boulder beetle
 13091 | D:12     | Noticed a two-headed ogre
 13100 | D:12     | Killed a two-headed ogre
 13150 | D:12     | Found a transporter.
 13162 | D:12     | Noticed an orc high priest
 13240 | D:12     | Found a transporter.
 13263 | D:12     | Reached skill level 14 in Maces & Flails
 13277 | D:12     | Killed an orc high priest
 13536 | D:12     | Identified the +0 ring mail "Merphimi" {rN+}
 13547 | D:12     | Reached XP level 13. HP: 84/84 MP: 12/18
 14416 | D:12     | Reached ** piety under Ashenzari
 14588 | D:12     | Found a hazy altar of Hepliaklqana.
 15479 | D:13     | Found a gate to the Vaults.
 15479 | D:13     | Noticed Rupert
 15497 | D:13     | Killed Rupert
 15781 | D:13     | Gained mutation: Your large and strong wings let you fly.
                  | [Gargoyle growth]
 15781 | D:13     | Reached XP level 14. HP: 95/95 MP: 20/20
 15828 | D:13     | Reached skill level 15 in Maces & Flails
 16610 | D:7      | Bought a potion of haste for 100 gold pieces
 16610 | D:7      | Bought a scroll of teleportation for 30 gold pieces
 16610 | D:7      | Bought a potion of invisibility for 80 gold pieces
 16610 | D:7      | Bought a potion of haste for 100 gold pieces
 16739 | Orc:1    | Entered Level 1 of the Orcish Mines
 17373 | Orc:1    | Reached *** piety under Ashenzari
 17678 | Orc:2    | Entered Level 2 of the Orcish Mines
 17678 | Orc:2    | Found a staircase to the Elven Halls.
 17701 | Orc:1    | Learned a level 5 spell: Irradiate
 17924 | Orc:2    | Noticed Erolcha
 18105 | Orc:2    | Noticed an orc warlord
 18159 | Lair:1   | Entered Level 1 of the Lair of Beasts
 18395 | Lair:1   | Reached **** piety under Ashenzari
 18577 | Lair:1   | Found a shadowy altar of Dithmenos.
 18911 | D:9      | Bought the +0 cloak of Trumpets {rPois rC+ rN+} for 349
                  | gold pieces
 19552 | Lair:2   | Found a staircase to the Shoals.
 19890 | Lair:3   | Found a hole to the Spider Nest.
 19963 | Lair:3   | Found a snail-covered altar of Cheibriados.
 20051 | Lair:3   | Reached skill level 16 in Maces & Flails
 20058 | Lair:3   | Reached skill level 1 in Dodging
 20323 | Lair:3   | Reached skill level 5 in Armour
 20542 | Lair:3   | Reached ***** piety under Ashenzari
 21219 | Lair:4   | Found a viscous altar of Jiyva.
 21219 | Lair:4   | Found a staircase to the Slime Pits.
 22003 | Lair:4   | Found a runed translucent gate.
 22004 | Lair:4   | Found a runed translucent gate.
 22006 | Lair:4   | Found a runed translucent gate.
 22006 | Lair:4   | Noticed bande's ghost (journeyman GrFi)
 22006 | Lair:4   | Noticed Ithra's ghost (journeyman OgTm)
 22006 | Lair:4   | Identified the +8 spear "Xoriemun" {speed, Will+ Str+3}
 22006 | Lair:4   | Noticed DeathPants's ghost (journeyman DsEn)
 22299 | Lair:5   | Entered Level 5 of the Lair of Beasts
 22326 | Lair:5   | Reached skill level 5 in Dodging
 22326 | Lair:5   | Reached XP level 15. HP: 90/107 MP: 25/25
 22665 | Lair:5   | Noticed Josephine
 22698 | Lair:5   | Killed Josephine
 22877 | Lair:5   | Identified Xofa's Textbook on the Blizzard
 23330 | Lair:5   | Reached skill level 1 in Throwing
 23335 | Lair:5   | Reached skill level 1 in Translocations
 23370 | Lair:5   | Identified the Vademecum on the Squall
 23507 | Lair:5   | Found a corrupted altar of Lugonu.
 23507 | Lair:5   | Found a one-way gate to the infinite horrors of the Abyss.
 23555 | Lair:5   | Identified the ring of the Riding Priest {*Slow rF+ Int+6
                  | Dex+2 SInv}
 24731 | Orc:1    | Killed an orc warlord
 24740 | Orc:1    | Killed Erolcha
 24840 | Orc:2    | Noticed Donald
 25440 | Orc:2    | Reached skill level 1 in Conjurations
 25585 | Orc:2    | Killed Donald
 25963 | Orc:2    | Reached skill level 1 in Transmutations
 26101 | Orc:2    | Found Uxaomi's General Store.
 26129 | Orc:2    | Bought a potion of heal wounds for 90 gold pieces
 26144 | Orc:2    | Noticed Nessos
 26163 | Orc:2    | Killed Nessos
 26270 | Orc:2    | Found Itsedgh's Antique Weapon Emporium.
 26286 | Orc:2    | Found Axteaps's Antique Armour Emporium.
 26301 | Orc:2    | Found Behui's Book Emporium.
 26552 | Shoals:1 | Entered Level 1 of the Shoals
 26985 | Shoals:1 | Reached skill level 5 in Evocations
 26999 | Shoals:1 | Reached XP level 16. HP: 89/114 MP: 29/29
 27086 | Shoals:1 | Reached skill level 5 in Spellcasting
 27600 | Shoals:2 | Noticed retardedninja's ghost (adept HOFi)
 27742 | Shoals:2 | Identified a scroll of acquirement
 28548 | Shoals:2 | Found the +3 Mad Mage's Maulers {Infuse+∞ RegenMP Int-3}
 28559 | Shoals:2 | Found a runed translucent gate.
 28559 | Shoals:2 | Found a runed translucent gate.
 28559 | Shoals:2 | Found a runed translucent gate.
 28804 | D:11     | Acquired a +0 hat of willpower
 29137 | Shoals:2 | Mangled by retardedninja's ghost

Illustrated notes

Levels and vault maps discovered:
D:1:      dpeg_arrival_orchard, layout_loops_ring
D:2:      layout_basic, basic_altar
D:3:      layout_rooms, mainiacjoe_overflow_surrounded_room,
          nicolae_concentric_dashed_squares_wild
D:4:      layout_rooms, evilmike_ruin_ashenzari,
          nicolae_qazlal_style_of_elements, minmay_quadrilaterals
D:5:      layout_cave_pods, grunt_temple_overflow_order_and_chaos_2,
          mainiacjoe_overflow_chevrons, minmay_temple_entry_from_below_b,
          serial_shops, kennysheep_little_box, minmay_misc_feat_chi,
          uniq_duvessa
D:6:      layout_rooms
D:7:      layout_loops_ring, lemuel_tele_altar, mainiacjoe_overflow_alcove_4,
          nicolae_island_escapes, uniq_prince_ribbit1
D:8:      layout_basic, gammafunk_temple_overflow_claw,
          grunt_decor_mini_mirrors, minmay_joined_circles
D:9:      wander_river, layout_stronghold, kennysheep_mini_moat, serial_shops,
          nicolae_shop_behind_doors, nicolae_stop_n_shop_2,
          nicolae_shop_hallway_stairs, hangedman_decor_clover_reticule
D:10:     layout_irregular_city, fedhas_altar_fruit_tree,
          lightli_bailey_entry_fortress, serial_glass, glass_columns_a,
          glass_columns_a, minmay_statue_bubble
D:11:     layout_layer_cave, lair_entry_dummy, zombieorc1_lemuel
D:12:     gammafunk_beogh_shrine, layout_long_grid,
          worldfamousw_hep_ancestral_shrine
D:13:     layout_loops_ring, erik_vaults_1, uniq_rupert
Temple:   hellmonk_temple_forest_ring
Lair:1:   layout_concentric_octagons, basic_altar
Lair:2:   layout_chaotic_city, elwin_shoals_entry_rocks,
          infiniplex_staircase_pool, serial_bayou_shore_a
Lair:3:   layout_roguey, spider_nest_entry_web_field, serial_bayou_pond_e,
          kennysheep_snail_temple, lemuel_fruit_fields
Lair:4:   layout_long_grid, slime_entry_1, gammafunk_ghost_cemetery
Lair:5:   hellmonk_lair_end_abyssal_woods, layout_cave_pods, grunt_megastairs_3,
          uniq_josephine
Shoals:1: layout_shoals
Shoals:2: layout_shoals, serial_shops, nicolae_shop_bloodbath_and_beyond,
          gammafunk_ghost_split, uniq_polyphemus, uniq_roxanne, uniq_aizul
Orc:1:    layout_caves, basic_altar
Orc:2:    grunt_orc_cross, layout_caves, uniq_nessos, uniq_erolcha, uniq_donald

Skill      XL: |  1  2  3  4  5  6  7  8  9 10 11 12 13 14 15 16 |
---------------+-------------------------------------------------+-----
Maces & Flails | 3 4 5 6 8 10 11 13 14 16 | 16.0
Fighting       | 4 5 6 8 9 11 12 13 | 13.6
Shields        | 4 5 6 8 9 11 12 13 | 13.0
Spellcasting   | 3 4 5 |  5.5
Earth Magic    | 6 7 |  7.6
Evocations     | 3 5 |  5.6
Dodging        | 5 6 |  6.6
Armour         | 7 9 |  9.6
Throwing       | 3 |  3.1
Translocations | 2 |  2.1
Conjurations   | 2 3 |  3.9
Transmutations | 1 2 |  2.8

Action                   |  1- 3 |  4- 6 |  7- 9 | 10-12 | 13-15 | 16-18 || total
-------------------------+-------+-------+-------+-------+-------+-------++-------
Melee: Flail             |   165 |   167 |   407 |   566 |  1674 |   264 ||  3243
       Mace              |       |       |       |   204 |   399 |       ||   603
       Morningstar       |       |       |       |       |       |    28 ||    28
Throw: Dart              |       |       |       |    18 |     7 |       ||    25
 Cast: Lee's Rapid Decon |       |       |       |       |     3 |     5 ||     8
Invok: Curse Item        |       |       |     2 |     1 |     8 |       ||    11
       Shatter the Chain |       |       |       |     2 |       |       ||     2
Evoke: Wand              |       |       |       |       |     2 |       ||     2
       Tin of tremorston |       |       |       |       |     1 |       ||     1
  Use: Scroll            |       |     1 |     6 |     6 |     6 |     6 ||    25
       Potion            |       |     1 |     2 |     7 |     9 |     1 ||    20
 Stab: Invisible         |       |       |       |     4 |    14 |       ||    18
Armor: Scale mail        |    89 |    96 |    18 |       |       |       ||   203
       Steam dragon scal |       |       |   163 |    98 |       |       ||   261
       Acid dragon scale |       |       |       |   113 |   489 |   103 ||   705
Dodge: Dodged            |    80 |   101 |   181 |   204 |   842 |   160 ||  1568
Block: Buckler           |    51 |    52 |   111 |    23 |       |       ||   237
       Kite shield       |       |       |       |   424 |  1647 |   243 ||  2314

Table legend: (Time is in decaauts)
 A = Elapsed time spent in this place.
 B = Non-inter-level travel time spent in this place.
 C = Inter-level travel time spent in this place.
 D = Time resting spent in this place.
 E = Time spent auto-exploring this place.
 F = Levels seen in this place.
 G = Mean time per level.
                   A        B        C        D        E       F      G
               +--------+--------+--------+--------+--------+-----+--------+
         Total |  28653 |  26301 |   2352 |   5623 |  13323 |  24 | 1193.9 |
       Dungeon |  16903 |  15186 |   1717 |   3064 |   8089 |  13 | 1300.2 |
        Temple |    154 |    141 |     13 |      0 |    132 |   1 |  154.0 |
          Lair |   5908 |   5584 |    324 |    700 |   3410 |   5 | 1181.6 |
        Shoals |   2369 |   2225 |    144 |    804 |    637 |   2 | 1184.5 |
  Orcish Mines |   3118 |   2965 |    153 |   1055 |   1055 |   2 | 1559.0 |
        Bailey |    198 |    198 |      0 |      0 |      0 |   1 |  198.0 |
               +--------+--------+--------+--------+--------+-----+--------+

Top non-repeatable levels by time:
    D:11: 2369 daAuts
  Lair:5: 1959 daAuts
   Orc:1: 1831 daAuts
    D:12: 1820 daAuts
Shoals:1: 1742 daAuts
     D:9: 1699 daAuts
     D:5: 1617 daAuts
  Lair:3: 1308 daAuts
   Orc:2: 1287 daAuts
     D:7: 1211 daAuts
     D:8: 1188 daAuts
    D:13: 1173 daAuts
    D:10: 1139 daAuts
     D:4: 1100 daAuts
  Lair:4: 1070 daAuts
